 Dungeon Crawl Stone Soup version 0.25.1-2-g60ff931df9 (webtiles) character file.

Game seed: 1012413997787860402

810 DoubleLucky the Conjurer (level 7, -11/36 HPs)
             Began as a Deep Elf Fire Elementalist on Oct 1, 2020.
             Was an Initiate of Qazlal.
             Shot with an arrow by a centaur (15 damage)
             ... on level 6 of the Dungeon.
             The game lasted 00:18:32 (5841 turns).

DoubleLucky the Conjurer (DEFE)                     Turns: 5841, Time: 00:18:33

Health: -11/36     AC:  6    Str:  5    XL:     7   Next: 61%
Magic:  17/18      EV: 13    Int: 22    God:    Qazlal [......]
Gold:   369        SH:  0    Dex: 15    Spells: 11/18 levels left

rFire    . . .     SeeInvis .   d - +4 dagger (venom)
rCold    . . .     Gourm    .   (no shield)
rNeg     . . .     Faith    .   a - +0 robe
rPois    .         Spirit   .   l - +0 helmet
rElec    .         Reflect  .   A - +0 cloak
rCorr    .         Harm     .   y - +1 pair of gloves
MR       .....                  (no boots)
Stlth    ++........             (no amulet)
HPRegen  0.12/turn              (no ring)
MPRegen  0.16/turn              (no ring)

@: no status effects
A: no striking features
a: Renounce Religion


You were on level 6 of the Dungeon.
You worshipped Qazlal.
Qazlal was noncommittal.
You were not hungry.

You visited 2 branches of the dungeon, and saw 7 of its levels.

You collected 369 gold pieces.

Inventory:

Hand Weapons
 d - a +4 dagger of venom (weapon)
Armour
 a - a +0 robe (worn)
 j - a scarf of harm
 l - a +0 helmet (worn)
 y - a +1 pair of gloves (worn)
 A - a +0 cloak (worn)
Jewellery
 n - an uncursed ring of stealth {unknown}
 q - an uncursed amulet of guardian spirit {unknown}
 t - an uncursed amulet of regeneration {unknown}
Wands
 u - a wand of iceblast (7)
 x - a wand of flame (6)
Scrolls
 e - a scroll of remove curse
 g - a scroll of blinking
 h - 3 scrolls of teleportation {unknown}
 p - a scroll of fear {unknown}
 r - a scroll of magic mapping
 s - a scroll of enchant armour {unknown}
 v - a scroll of enchant weapon {unknown}
 w - 2 scrolls of identify
Potions
 b - a potion of might
 f - 3 potions of flight
 i - a potion of haste
 k - 2 potions of brilliance
 m - a potion of cancellation {unknown}
 o - a potion of ambrosia {unknown}
Comestibles
 c - 8 rations


   Skills:
 - Level 2.4 Dodging
 - Level 2.4 Stealth
 + Level 6.3 Spellcasting
 * Level 6.7 Conjurations
 + Level 5.6 Fire Magic


You had 11 spell levels left.
You knew the following spells:

 Your Spells              Type           Power        Failure   Level  Hunger
a - Foxfire               Conj/Fire      ####         1%          1    None
b - Conjure Flame         Conj/Fire      ####....     1%          3    #......
c - Inner Flame           Hex/Fire       ###.....     9%          3    #......

Your spell library contained the following spells:

 Spells                   Type           Power        Failure   Level  Hunger
 Sticky Flame             Conj/Fire      ####....     7%          4    ###....
 Fireball                 Conj/Fire      ####......   19%         5    #####..


Dungeon Overview and Level Annotations

Branches:
Dungeon (6/15)             Temple (1/1) D:4

Altars:
Ashenzari
Cheibriados
Elyvilon
Gozag
Kikubaaqudgha
Makhleb
Nemelex Xobeh
Okawaru
Qazlal
Ru
Sif Muna
Trog
Uskayaw
Wu Jian
Xom
Yredelemnul
Zin
The Shining One


Message History

The orc wizard casts a spell.
The orc wizard seems to speed up.
There is an open door here.
Casting: Foxfire (safe; 1% risk of failure)
Confirm with . or Enter, or press ? or * to list all spells.
You conjure some foxfire!
The foxfire hits the centaur.
The centaur is heavily wounded.
The centaur shoots an arrow.
The arrow hits you!
* * * LOW HITPOINT WARNING * * *
You see here an arrow.
The centaur shoots an arrow.
The arrow hits you.
* * * LOW HITPOINT WARNING * * *
You see here an arrow.
The centaur shoots an arrow.
The arrow hits you.
* * * LOW HITPOINT WARNING * * *
There is a stone staircase leading up here.
You see here an arrow.
The centaur shoots an arrow.
The arrow hits you!
You die...

#......##.........#
#.....(##...###...#
+...$.(##..c####+##
#......o.c.§.o....#
#......##...v#c...#
#......##....#....#
#......[.....#....#
#............#.(..#
.#............#.@..#
.##############....#
#......###.####....#
#......#...........#
#......#...........#
#.....<#...........#
#......'...........#
#......##+#####....#
#######.§. #....#


You could see a centaur and an orc wizard (fast).

Vanquished Creatures
  An ice beast (D:5)
  2 ogres
  3 killer bees (D:3)
  A crimson imp (D:5)
  A hound (D:4)
  A bullfrog skeleton (D:5)
  Crazy Yiuf (D:2)
  An iguana (D:4)
  2 orc wizards (D:4)
  2 worker ants
  A killer bee zombie (D:5)
  3 adders
  2 shadow imps
  3 oozes
  A worm (D:3)
  2 dart slugs (D:1)
  2 leopard geckos
  10 orcs
  9 bats
  3 giant cockroaches
  2 gnoll zombies (D:2)
  10 goblins
  3 hobgoblins (D:1)
  6 jackals
  6 kobolds
  2 quokkas
  A ball python (D:4)
  4 frilled lizards
  2 quokka skeletons
  8 rats
95 creatures vanquished.

Vanquished Creatures (others)
  359 foxfires
359 creatures vanquished.

Grand Total: 454 creatures vanquished

Notes
Turn   | Place    | Note
-------+----------+-------------------------------------------
     0 | D:1      | DoubleLucky the Deep Elf Fire Elementalist began the quest
                  | for the Orb.
     0 | D:1      | Reached XP level 1. HP: 10/10 MP: 6/6
   251 | D:1      | Reached XP level 2. HP: 15/15 MP: 4/8
   736 | D:1      | Reached XP level 3. HP: 19/19 MP: 2/10
  1813 | D:2      | Found an ancient bone altar of Kikubaaqudgha.
  2278 | D:2      | Found a basalt altar of Yredelemnul.
  2481 | D:2      | Reached XP level 4. HP: 24/24 MP: 6/11
  2675 | D:2      | Found a runed translucent door.
  2676 | D:2      | Noticed Crazy Yiuf
  3190 | D:3      | Found a shattered altar of Ashenzari.
  3200 | D:3      | Reached XP level 5. HP: 28/28 MP: 7/13
  3563 | D:3      | Found a bloodstained altar of Trog.
  3705 | D:3      | Learned a level 3 spell: Conjure Flame
  3738 | D:4      | Reached XP level 6. HP: 32/32 MP: 11/15
  3751 | D:4      | Reached skill level 5 in Spellcasting
  3851 | D:4      | Found a staircase to the Ecumenical Temple.
  3865 | Temple   | Entered the Ecumenical Temple
  4065 | Temple   | Became a worshipper of Qazlal Stormbringer
  4091 | D:4      | Found an iron altar of Okawaru.
  4159 | D:4      | Reached skill level 5 in Conjurations
  4268 | D:4      | Reached skill level 5 in Fire Magic
  4669 | D:4      | Found a glowing golden altar of the Shining One.
  4676 | D:4      | Learned a level 3 spell: Inner Flame
  4692 | D:5      | Entered Level 5 of the Dungeon
  4713 | D:5      | Noticed an ice beast
  4721 | D:5      | Killed an ice beast
  4721 | D:5      | Reached XP level 7. HP: 36/36 MP: 12/17
  5357 | D:5      | Found a sacrificial altar of Ru.
  5491 | D:2      | Killed Crazy Yiuf
  5841 | D:6      | Shot with an arrow by a centaur

Illustrated notes

Levels and vault maps discovered:
D:1:      scummos_arrival_forest, layout_loops_ring
D:2:      layout_loops_corners, lemuel_zombie_altar_yredelemnul,
          kiku_gazebo_pond_becter, uniq_crazy_yiuf_cottage
D:3:      layout_rooms, evilmike_ruin_ashenzari, minmay_misc_feat_enclosed,
          nrook_campfire, trog_butcher_becter
D:4:      layout_cave_pools, tso_oasis_becter, temple_statues, first_ration,
          okawaru_metal_pillars_1_2
D:5:      layout_rooms, lemuel_coloured_pillars_altar, st_stairs_3
D:6:      layout_gridville, nicolae_overflow_crystal_walls, minmay_pentangle
Temple:   nicolae_temple_figure_eight

Skill      XL: |  1  2  3  4  5  6  7 |
---------------+----------------------+-----
Conjurations   | 2 3 4 5 6 |  6.7
Spellcasting   | 4 5 6 |  6.3
Fire Magic     | 4 5 |  5.6
Dodging        | |  2.4
Stealth        | |  2.4

Action                   |  1- 3 |  4- 6 |  7- 9 || total
-------------------------+-------+-------+-------++-------
Melee: Dagger            |    13 |       |     5 ||    18
 Cast: Foxfire           |   122 |    95 |    33 ||   250
       Conjure Flame     |       |     1 |     2 ||     3
       Inner Flame       |       |     1 |     2 ||     3
  Use: Scroll            |       |     8 |       ||     8
  Eat: Chunk             |     1 |     7 |     3 ||    11
       Ration            |     1 |       |       ||     1
Armor: Robe              |     6 |     1 |     2 ||     9
Dodge: Dodged            |    30 |     7 |     3 ||    40
